 Dungeon Crawl Stone Soup version 0.30.0 (webtiles) character file.

Game seed: 6896203308376373996

5793 OliveOil the Cleaver (level 10, -1/88 HPs)
             Began as a Minotaur Fighter on July 19, 2023.
             Was an Elder of Vehumet.
             Slain by a death yak (7 damage)
             ... on level 1 of the Lair of Beasts.
             The game lasted 01:20:07 (7466 turns).

OliveOil the Cleaver (Minotaur Fighter)             Turns: 7466, Time: 01:20:07

Health: -1/88      AC: 17    Str: 28    XL:     10   Next: 50%
Magic:  9/9        EV:  9    Int:  5    God:    Vehumet [****..]
Gold:   428        SH: 24    Dex: 13    Spells: 9/9 levels left

rFire   . . .        a - +1 war axe
rCold   . . .        D - +0 tower shield
rNeg    . . .        j - +1 chain mail
rPois   .            (helmet restricted)
rElec   .            A - scarf {repulsion}
rCorr   .            q - +0 pair of gloves
SInv    .            C - +0 pair of boots
Will    .....        E - amulet of reflection Stlth
                     g - ring of flight
HPRegen 0.34/turn    t - +6 ring of strength
MPRegen 0.11/turn

%: repel missiles, reflection
@: flying
A: horns 2, retaliatory headbutt, talons 1, iridescent scales 1, large bone
plates 1
a: Renounce Religion


You were on level 1 of the Lair of Beasts.
You worshipped Vehumet.
Vehumet was greatly pleased with you.
You visited 3 branches of the dungeon, and saw 10 of its levels.
You also visited: Sewer.

You collected 428 gold pieces.

Inventory:

Hand Weapons
 a - a +1 war axe (weapon)
 w - a +0 arbalest
Missiles
 e - 6 curare-tipped darts
 l - 5 boomerangs (quivered)
Armour
 b - a +1 scale mail
 c - a +0 buckler
 j - a +1 chain mail (worn)
 q - a +0 pair of gloves (worn)
 A - a scarf of repulsion (worn)
 C - a +0 pair of boots (worn)
 D - a +0 tower shield (worn)
Jewellery
 g - a ring of flight (left hand)
 i - a ring of protection from fire
 k - a +4 ring of protection
 s - a ring of see invisible
 t - a +6 ring of strength (right hand)
 v - a +4 ring of slaying
 x - an amulet of the acrobat
 y - a ring of magical power
 E - an amulet of reflection (around neck)
 G - a ring of ice
Wands
 H - a wand of flame (21)
Scrolls
 d - a scroll of identify
 o - 4 scrolls of enchant weapon
 p - a scroll of immolation
 r - a scroll of teleportation
 u - 4 scrolls of magic mapping
Potions
 f - a potion of haste {unknown}
 h - a potion of magic {unknown}
 m - 2 potions of degeneration {unknown}
 n - 3 potions of curing
 z - 5 potions of flight {unknown}
 B - a potion of resistance {unknown}
 F - a potion of heal wounds


   Skills:
 + Level 7.7 Fighting
 + Level 12.3 Axes
 + Level 0.7 Throwing
 + Level 9.4 Armour
 + Level 3.7 Dodging
 + Level 1.4 Stealth
 + Level 8.8 Shields


You had 9 spell levels left.
You didn't know any spells.
Your spell library contained the following spells:

 Spells                   Type           Power      Damage    Failure   Level
 Flame Wave               Conj/Fire      0%         2d4       100%        4
 Apportation              Tloc           0%         N/A       99%         1
 Alistair's Intoxication  Tmut/Pois      0%         N/A       100%        5


Dungeon Overview and Level Annotations

Branches:
Dungeon (8/15)             Temple (1/1) D:5            Lair (1/5) D:8
  Sewer (visited)

Altars:
Ashenzari
Dithmenos
Fedhas
Gozag
Kikubaaqudgha
Makhleb
Qazlal
Ru
Trog
Uskayaw
Vehumet
Xom
Zin
The Shining One


Innate Abilities, Weirdness & Mutations

You have a pair of horns on your head.
You reflexively headbutt those who attack you in melee.
You have sharp toenails.
You are partially covered in iridescent scales. (AC +2)
You are partially covered in large bone plates. (SH +4)


Message History

You block the death yak's attack.
You barely miss the death yak. Your headbutt misses the death yak.
The death yak is moderately wounded.
You slash the death yak! You block the death yak's attack. x2
You hit the death yak.
The death yak is moderately wounded.
You barely miss the death yak. You block the death yak's attack.
The death yak barely misses you. You furiously retaliate!
You headbutt the death yak! You barely miss the death yak.
The death yak is moderately wounded.
You slash the death yak! You block the death yak's attack.
The death yak barely misses you.
You hit the death yak. You headbutt the death yak!
The death yak is heavily wounded.
You barely miss the death yak. You block the death yak's attack. x2
You hit the death yak.
The death yak is heavily wounded.
You hit the death yak but do no damage. You block the death yak's attack.
The death yak gores you!
* * * LOW HITPOINT WARNING * * *
You block the death yak's attack.
The death yak gores you but does no damage.
You fly downwards.
Welcome back to the Lair of Beasts!
You block the yak's attack. x2
There is a staircase back to the Dungeon, spattered with blood here.
The death yak attacks as you move away! You block the death yak's attack. x2
The yak barely misses you. The death yak attacks as you move away!
You block the death yak's attack. The yak attacks as you move away!
You block the yak's attack.
The death yak gores you but does no damage.
The death yak attacks as you move away! You block the death yak's attack. x2
The death yak attacks as you move away! The death yak gores you.
* * * LOW HITPOINT WARNING * * *
The death yak attacks as you move away! You block the death yak's attack.
The death yak attacks as you move away! The death yak gores you!
* * * LOW HITPOINT WARNING * * *
You block the death yak's attack. The death yak attacks as you move away!
The death yak gores you!
You die...

....................
......~~~.......... #
...~~~≈≈~~~...# PP#.#
...~~≈≈≈≈~~...# .....
...~≈≈~~~~≈~~.#......
...~≈~...~≈≈..#......
..~~≈~.<.~≈Y.........
..~≈~≈~..~~≈YY#......
..~~≈≈≈~≈~~~Y@.......
...~~≈≈≈≈≈~...#..)...
..#~~~~≈~~~..........
......~~.~.....#..###
....................
.....................
....................
.......#####


You could see 3 death yaks and a yak.

Vanquished Creatures
  A two-headed ogre (D:7)
  3 death yaks (D:8)
  A kobold demonologist (D:7)
  Sigmund (D:6)
  Eustachio (D:6)
  3 yaks
  Menkaure (D:4)
  Edmund (D:6)
  A water moccasin (D:5)
  An ice beast (D:6)
  2 ogres
  2 black bears
  A centaur (D:5)
  A kobold brigand (D:7)
  4 scorpions
  6 bullfrogs
  4 killer bees (D:7)
  3 hounds
  3 orc priests
  2 jellies
  4 iguanas
  4 orc wizards
  15 adders
  4 gnolls (D:7)
  6 river rats (Sewer)
  2 shadow imps
  2 worms (D:3)
  2 dart slugs
  23 orcs
  11 bats
  7 endoplasms
  6 giant cockroaches
  6 goblins
  7 hobgoblins
  5 jackals
  6 quokkas
  21 ball pythons
  3 frilled lizards
  5 kobolds
  20 rats
201 creatures vanquished.

Vanquished Creatures (others)
  31 plants
31 creatures vanquished.

Grand Total: 232 creatures vanquished

Notes
Turn   | Place    | Note
-------+----------+-------------------------------------------
     0 | D:1      | OliveOil the Minotaur Fighter began the quest for the Orb.
     0 | D:1      | Reached XP level 1. HP: 19/19 MP: 0/0
   219 | D:1      | Reached XP level 2. HP: 27/27 MP: 1/1
   938 | D:2      | Reached XP level 3. HP: 33/33 MP: 2/2
   956 | D:2      | Reached skill level 3 in Axes
   990 | D:2      | Gained mutation: You are partially covered in large bone
                  | plates. (SH +4) [potion of mutation]
   990 | D:2      | Gained mutation: You are partially covered in iridescent
                  | scales. (AC +2) [potion of mutation]
   990 | D:2      | Gained mutation: You have sharp toenails. [potion of
                  | mutation]
  1137 | D:3      | Reached XP level 4. HP: 41/41 MP: 3/3
  1283 | D:3      | Reached skill level 4 in Axes
  1330 | D:3      | Found a radiant altar of Vehumet.
  1370 | D:3      | Became a worshipper of Vehumet
  1582 | D:3      | Found a glowing drain.
  1596 | Sewer    | Entered a sewer
  1640 | Sewer    | Reached XP level 5. HP: 45/47 MP: 4/4
  1673 | Sewer    | Reached * piety under Vehumet
  1673 | Sewer    | Offered knowledge of Foxfire by Vehumet.
  1746 | Sewer    | Reached skill level 5 in Axes
  1813 | Sewer    | Reached skill level 1 in Dodging
  1816 | Sewer    | Reached XP level 6. HP: 49/53 MP: 5/5
  1821 | Sewer    | Offered knowledge of Kiss of Death by Vehumet.
  1822 | Sewer    | Reached skill level 6 in Axes
  1968 | D:3      | Reached ** piety under Vehumet
  2328 | D:4      | Reached skill level 5 in Shields
  2328 | D:4      | Reached XP level 7. HP: 60/60 MP: 6/6
  2385 | D:4      | Reached skill level 7 in Axes
  2394 | D:4      | Found a stormy altar of Qazlal.
  2427 | D:4      | Noticed Menkaure
  2469 | D:4      | Offered knowledge of Mephitic Cloud by Vehumet.
  2678 | D:4      | Reached skill level 5 in Armour
  2977 | D:4      | Killed Menkaure
  2978 | D:4      | Reached skill level 5 in Fighting
  3594 | D:5      | Entered Level 5 of the Dungeon
  3605 | D:5      | Reached skill level 8 in Axes
  3650 | D:5      | Reached XP level 8. HP: 68/68 MP: 7/7
  3676 | D:5      | Reached *** piety under Vehumet
  3847 | D:5      | Identified the +3 rapier "Tiarimaynn" {drain, rF+}
  3953 | D:5      | Found a staircase to the Ecumenical Temple.
  3959 | Temple   | Entered the Ecumenical Temple
  4493 | D:5      | Reached skill level 9 in Axes
  4623 | D:5      | Noticed an angel
  4624 | D:5      | Found a glowing silver altar of Zin.
  4862 | D:6      | Noticed Eustachio
  4869 | D:6      | Offered knowledge of Flame Wave by Vehumet.
  4881 | D:6      | Killed Eustachio
  4882 | D:6      | Reached skill level 1 in Stealth
  5156 | D:6      | Noticed Edmund
  5165 | D:6      | Killed Edmund
  5203 | D:6      | Reached XP level 9. HP: 70/75 MP: 8/8
  5242 | D:6      | Found a shimmering altar of Xom.
  5453 | D:6      | Noticed Sigmund
  5466 | D:6      | Killed Sigmund
  5467 | D:6      | Reached skill level 10 in Axes
  5675 | D:7      | Noticed a kobold demonologist
  5680 | D:7      | Killed a kobold demonologist
  5712 | D:7      | Found an ancient bone altar of Kikubaaqudgha.
  5807 | D:7      | Found an opulent altar of Gozag.
  5883 | D:7      | Noticed a two-headed ogre
  5897 | D:7      | Killed a two-headed ogre
  5898 | D:7      | Reached skill level 11 in Axes
  6319 | D:7      | Reached **** piety under Vehumet
  6531 | D:7      | Found a hide-covered altar of Uskayaw.
  7180 | D:8      | Found a staircase to the Lair.
  7196 | Lair:1   | Entered Level 1 of the Lair of Beasts
  7202 | Lair:1   | Noticed a death yak
  7204 | Lair:1   | Noticed a death yak
  7206 | Lair:1   | Noticed a death yak
  7207 | Lair:1   | Noticed a death yak
  7207 | Lair:1   | Noticed a death yak
  7208 | Lair:1   | Noticed a death yak
  7218 | D:8      | Reached XP level 10. HP: 40/86 MP: 9/9
  7228 | D:8      | Killed a death yak
  7439 | D:8      | Killed a death yak
  7440 | D:8      | Reached skill level 12 in Axes
  7447 | D:8      | Killed a death yak
  7466 | Lair:1   | Slain by a death yak

Illustrated notes

Levels and vault maps discovered:
D:1:      roderic_crop_circles_arrival_large, layout_basic, serial_glass,
          glass_columns_a, glass_columns_a, minmay_misc_feat_chi
D:2:      layout_rooms
D:3:      kennysheep_big_flooded_room, layout_loops_ring, amcnicky_altar_gilded,
          portal_sewer_entry_f, nrook_campfire
D:4:      minmay_chambers_of_twos, layout_layer_cave, lemuel_crystal_altar,
          uniq_menkaure
D:5:      layout_rooms, zin_angel, minmay_temple_entry_hall,
          minmay_misc_feat_roman, st_stairs_12, due_unseen_surprise
D:6:      layout_cave_pods, mainiacjoe_overflow_tiny_flanked, uniq_eustachio,
          uniq_sigmund, uniq_edmund
D:7:      layout_loops_cross, mainiacjoe_overflow_surrounded_room,
          lemuel_tele_altar, mainiacjoe_overflow_24_doors,
          serial_co_window_serial, co_window_paths_a, co_window_paths_b,
          co_window_paths_a, co_window_corner_a, co_window_corner_a,
          co_window_corner_a, co_window_cross_1, co_window_corner_a,
          co_window_paths_a, co_window_paths_c, co_window_broadway_b,
          co_window_unsneaky_path_e, co_window_unsneaky_path_e,
          co_window_of_opportunity_c, co_window_corner_b, co_window_paths_e,
          kennysheep_small_circle
D:8:      layout_basic, mainiacjoe_overflow_concentric_impassable,
          okawaru_altar_gauntlet_db, lair_entry_dummy
Temple:   nicolae_temple_bog_church
Lair:1:   layout_regular_city, grunt_megastairs_5, serial_bayou_shore_b,
          infiniplex_staircase_pool_2

Skill      XL: |  1  2  3  4  5  6  7  8  9 10 |
---------------+-------------------------------+-----
Fighting       | 4 5 7 |  7.7
Armour         | 4 5 7 8 9 |  9.4
Axes           | 3 4 5 6 8 9 11 12 | 12.3
Shields        | 4 5 6 7 8 |  8.8
Dodging        | 1 2 3 |  3.7
Stealth        | 1 |  1.4
Throwing       | |  0.7

Action                     |  1- 3 |  4- 6 |  7- 9 | 10-12 || total
---------------------------+-------+-------+-------+-------++-------
  Melee: War axe           |    96 |   139 |   210 |    35 ||   480
         Headbutt          |     9 |     7 |    45 |    10 ||    71
         Kick              |       |    27 |    28 |       ||    55
  Throw: Boomerang         |     1 |       |     5 |       ||     6
    Use: Potion            |     2 |     1 |     6 |     1 ||    10
         Scroll            |     1 |     2 |     9 |       ||    12
 Armour: Scale mail        |    49 |    70 |    16 |       ||   135
         Skin              |       |    25 |       |       ||    25
         Chain mail        |       |       |    65 |    13 ||    78
  Dodge: Dodged            |    44 |    63 |    84 |     6 ||   197
         Repelled          |       |       |     1 |       ||     1
  Block: Buckler           |    24 |    57 |    77 |       ||   158
         Tower shield      |       |       |   100 |    57 ||   157
